 Dungeon Crawl Stone Soup version 0.29.0-4-gdea44cf6ec (webtiles) character file.

Game seed: 13608486091907972144

182 qw the Chopper (level 5, -6/30 HPs)
             Began as a Tengu Warper on Aug 28, 2022.
             Mangled by an iguana (9 damage)
             ... on level 4 of the Dungeon.
             The game lasted 00:00:18 (4286 turns).

qw the Chopper (Tengu Warper)                       Turns: 4286, Time: 00:00:18

Health: -6/30      AC:  8    Str: 13    XL:     5   Next: 61%
Magic:  9/9        EV:  7    Int: 14    God:
Gold:   289        SH:  0    Dex: 13    Spells: 8/8 levels left

rFire   . . .      SeeInvis .   Y - +0 hand axe
rCold   . . .      Faith    .   (no shield)
rNeg    . . .      Spirit   .   e - +0 chain mail
rPois   .          Reflect  .   (helmet restricted)
rElec   .          Harm     .   (no cloak)
rCorr   .          Rampage  .   (no gloves)
Will    .....                   (boots unavailable)
Stlth   ..........              (no amulet)
HPRegen 0.10/turn               (no ring)
MPRegen 0.11/turn               (no ring)

@: flying quickly and evasively, quick
A: beak, talons 3, nimble flight
a: no special abilities


You were on level 4 of the Dungeon.
You visited 1 branch of the dungeon, and saw 4 of its levels.

You collected 289 gold pieces.


Innate Abilities, Weirdness & Mutations

You have a beak for a mouth.
You have claws for feet.
Your magical nature lets you fly swiftly and evasively.


   Skills:
 - Level 2.0 Fighting
 - Level 6.0 Axes
 - Level 1.0 Throwing
 + Level 1.9 Armour
 - Level 2.1 Dodging
 - Level 2.0 Spellcasting
 - Level 2.4 Translocations


You had 8 spell levels left.
You didn't know any spells.
Your spell library contained the following spells:

 Spells                   Type           Power      Damage    Failure   Level
 Blink                    Tloc           16%        N/A       99%         2
 Gell's Gravitas          Tloc           8%         N/A       100%        3
 Lesser Beckoning         Tloc           8%         N/A       100%        3
 Teleport Other           Tloc           8%         N/A       100%        3
 Manifold Assault         Tloc           8%         N/A       100%        5

Inventory:

Hand Weapons
 l - a +0 flail
 Y - a +0 hand axe (weapon)
Missiles
 k - 2 boomerangs (quivered)
Armour
 e - a +0 chain mail (worn)
Scrolls
 c - a scroll of brand weapon {unknown}
 f - 2 scrolls of enchant armour
Potions
 a - a potion of magic {unknown}
 b - a potion of might {unknown}
 g - a potion of ambrosia {unknown}
 h - a potion of lignification {unknown}
 i - a potion of curing {unknown}

Dungeon Overview and Level Annotations

Branches:
Dungeon (4/15)
 Temple: D:4-7

Altars:
Hepliaklqana

Shops:
D:1 !


Message History

The iguana bites you but does no damage.
You barely miss the iguana. You claw the iguana.
The iguana is lightly wounded.
You barely miss the hound. The hound barely misses you.
The iguana barely misses you. The hound bites you but does no damage.
You barely miss the iguana. You claw the iguana, but do no damage.
You peck the iguana, but do no damage.
The iguana is lightly wounded.
You closely miss the kobold. You hit the hound. The hound barely misses you.
The iguana bites you but does no damage.
The kobold hits you but does no damage.
You hit the hound. Your kick misses the hound.
The hound is severely wounded.
You hit the iguana. You closely miss the kobold. The hound barely misses you.
The iguana bites you but does no damage.
The kobold hits you with a +0 club. The hound closely misses you.
You closely miss the hound. Your kick misses the hound.
Your peck misses the hound.
The hound is severely wounded.
You hit the iguana but do no damage. You hit the kobold.
You kill the kobold!
The hound bites you. The iguana bites you.
You hit the hound. Your peck misses the hound.
The hound is almost dead.
You hit the iguana but do no damage. The hound bites you but does no damage.
The iguana bites you. The hound bites you but does no damage.
You hit the hound but do no damage.
The hound is almost dead.
You closely miss the iguana. The hound bites you but does no damage.
The iguana misses you.
You hit the hound but do no damage. Your kick misses the hound.
You peck the hound.
You kill the hound!
You hit the iguana but do no damage. The iguana bites you!
You die...

....>.. ....... ....... .. ..
...... ... ... #.... ..##.#
#.... ...). # .. #?.l### #..###
.. ..##..)@.###....##...
.....................
..#..#...............
#..................
...#................ ###.##
#................... ### #..
#...%.....##.#...... ....
#.######..##...............
..[..##.##......##.....###.#(..#


You could see an iguana.

Vanquished Creatures
  A necrophage (D:3)
  A hound (D:4)
  An iguana (D:2)
  3 adders
  An ufetubus (D:4)
  2 worms
  3 orcs
  6 endoplasms
  3 giant cockroaches
  9 goblins
  3 hobgoblins
  6 kobolds
  4 quokkas
  8 ball pythons
  3 bats (D:2)
  3 frilled lizards
  3 rats
60 creatures vanquished.

Notes
Turn   | Place    | Note
-------+----------+-------------------------------------------
     0 | D:1      | qw the Tengu Warper began the quest for the Orb.
     0 | D:1      | Reached XP level 1. HP: 12/12 MP: 4/4
     0 | D:1      | 0 ||| qw: Version: 0.1-a-89-g26bdef1
     0 | D:1      | 0 ||| qw: Game counter: 1281
     0 | D:1      | 0 ||| qw: Always use a shield: true
     0 | D:1      | 0 ||| qw: God list: Okawaru
     0 | D:1      | 0 ||| qw: Allow faded altars: false
     0 | D:1      | 0 ||| qw: Do Orc after D:15 true
     0 | D:1      | 0 ||| qw: Do second Lair branch before Depths: true
     0 | D:1      | 0 ||| qw: Lair rune preference: random
     0 | D:1      | 0 ||| qw: Plans: Normal
     0 | D:1      | 0 ||| PLANNING D:1-11
   379 | D:1      | Reached XP level 2. HP: 16/17 MP: 6/6
   441 | D:1      | Found Ylitoug's Distillery.
   450 | D:1      | 450 ||| SHOPLISTING potion of heal wounds (65 gold, have
                  | 43).
   466 | D:1      | Reached skill level 3 in Axes
   630 | D:1      | Found a faded altar of an unknown god.
  1646 | D:1      | 1646 ||| READING scroll labelled NUFROCIYMI.
  1647 | D:1      | 1647 ||| READING scroll labelled YTUESI VUNI.
  1648 | D:1      | 1648 ||| DRINKING 2 cyan potions.
  1649 | D:1      | 1649 ||| DROPPING scroll of blinking.
  1650 | D:1      | 1650 ||| DROPPING potion of attraction.
  1700 | D:2      | 1700 ||| Stepping ~*~*~tactically~*~*~ (stealth).
  1702 | D:2      | 1702 ||| Stepping ~*~*~tactically~*~*~ (stealth).
  1799 | D:2      | 1799 ||| Stepping ~*~*~tactically~*~*~ (stealth).
  1825 | D:2      | Reached XP level 3. HP: 21/21 MP: 7/7
  1930 | D:2      | Reached skill level 4 in Axes
  2469 | D:2      | 2469 ||| UPGRADING to +0 chain mail.
  2557 | D:2      | 2557 ||| DROPPING +0 leather armour.
  2615 | D:2      | Reached XP level 4. HP: 24/26 MP: 8/8
  2910 | D:2      | 2910 ||| READING scroll labelled GIUFY FIODI.
  2913 | D:2      | 2913 ||| READING scroll labelled WER GYCZARGH.
  2966 | D:3      | 2966 ||| Stepping ~*~*~tactically~*~*~ (stealth).
  2967 | D:3      | 2967 ||| Stepping ~*~*~tactically~*~*~ (stealth).
  3115 | D:3      | Found a hazy altar of Hepliaklqana.
  3298 | D:3      | 3298 ||| Stepping ~*~*~tactically~*~*~ (stealth).
  3301 | D:3      | 3301 ||| Stepping ~*~*~tactically~*~*~ (stealth).
  3313 | D:3      | 3313 ||| FLEEEEING.
  3314 | D:3      | 3314 ||| FLEEEEING.
  3315 | D:3      | 3315 ||| FLEEEEING.
  3316 | D:3      | 3316 ||| FLEEEEING.
  3317 | D:3      | 3317 ||| FLEEEEING.
  3321 | D:3      | 3321 ||| FLEEEEING.
  3322 | D:3      | 3322 ||| FLEEEEING.
  3323 | D:3      | 3323 ||| FLEEEEING.
  3324 | D:3      | 3324 ||| FLEEEEING.
  3377 | D:3      | Reached skill level 5 in Axes
  3411 | D:3      | 3411 ||| DROPPING +0 whip.
  3433 | D:3      | 3433 ||| Stepping ~*~*~tactically~*~*~ (stealth).
  3669 | D:3      | 3669 ||| READING scroll labelled FOOGHI IKLE.
  3670 | D:3      | 3670 ||| READING 2 scrolls of teleportation.
  3703 | D:4      | 3703 ||| STAIRDANCE
  3707 | D:4      | Noticed a necrophage
  3708 | D:4      | 3708 ||| STAIRDANCE
  3710 | D:4      | 3710 ||| STAIRDANCE
  3715 | D:3      | HP: 6/26 [adder (2)]
  3716 | D:3      | 3716 ||| READING scroll of teleportation.
  3718 | D:3      | Killed a necrophage
  3718 | D:3      | HP: 2/26 [poisoned by an adder]
  3719 | D:3      | Gained mutation: Your magical nature lets you fly swiftly
                  | and evasively. [Tengu growth]
  3719 | D:3      | Reached XP level 5. HP: 3/30 MP: 9/9
  4040 | D:4      | 4040 ||| STAIRDANCE
  4044 | D:3      | 4044 ||| Stepping ~*~*~tactically~*~*~ (stealth).
  4056 | D:4      | Reached skill level 6 in Axes
  4056 | D:4      | 4056 ||| STAIRDANCE
  4083 | D:3      | 4083 ||| Stepping ~*~*~tactically~*~*~ (stealth).
  4086 | D:3      | 4086 ||| Stepping ~*~*~tactically~*~*~ (stealth).
  4259 | D:4      | 4259 ||| Stepping ~*~*~tactically~*~*~ (stealth).
  4271 | D:4      | 4271 ||| Stepping ~*~*~tactically~*~*~ (stealth).
  4283 | D:4      | HP: 7/30 [hound (5)]
  4284 | D:4      | HP: 3/30 [iguana (2)]
  4286 | D:4      | Mangled by an iguana

Levels and vault maps discovered:
D:1:      dpeg_arrival_solitude, layout_basic,
          hellmonk_ecumenical_altar_crossroads, serial_shops,
          nicolae_square_shop, corexii_corridor_pit
D:2:      layout_basic, serial_glass, glass_columns_c, glass_columns_b,
          minmay_hexomino_c4
D:3:      layout_loops_cross, mainiacjoe_overflow_24_doors, minmay_ruptured
D:4:      layout_rooms, lemuel_mausoleum_altar_kikubaaqudgha

Skill      XL: |  1  2  3  4  5 |
---------------+----------------+-----
Axes           | 3 4 5 6 |  6.0
Fighting       | |  2.0
Throwing       | |  1.0
Armour         | |  1.9
Dodging        | |  2.1
Spellcasting   | |  2.0
Translocations | |  2.4

Action                   |  1- 3 |  4- 6 || total
-------------------------+-------+-------++-------
Melee: Hand axe          |    74 |    66 ||   140
       Kick              |    17 |    14 ||    31
       Peck              |     8 |     9 ||    17
       Punch             |       |     2 ||     2
Throw: Boomerang         |     7 |    23 ||    30
  Use: Scroll            |     2 |     5 ||     7
       Potion            |     1 |       ||     1
Armor: Leather armour    |     9 |       ||     9
       Chain mail        |     2 |    44 ||    46
Dodge: Dodged            |    24 |    27 ||    51

Table legend:
 A = Non-vault XP
 B = Vault XP
 C = Vault XP percentage of total XP
 D = Non-vault monster count
 E = Vault monster count
 F = Vault count percentage of total count
                 A         B        C        D         E       F
            +---------+---------+-------+---------+---------+-------
      Total |     281 |      21 |   7.0 |      49 |      11 |  18.3
            +---------+---------+-------+---------+---------+-------
        D:1 |      25 |       0 |   0.0 |      14 |       0 |   0.0
        D:2 |      68 |      10 |  12.8 |      14 |       7 |  33.3
        D:3 |     117 |      11 |   8.6 |      10 |       4 |  28.6
        D:4 |      71 |       0 |   0.0 |      11 |       0 |   0.0
            +---------+---------+-------+---------+---------+-------
